 Dungeon Crawl Stone Soup version 0.17-a0-2215-g49c1de0 (webtiles) character file.

7115 HaroldButt the Martial Artist (level 10, 0/86 HPs)
             Began as a Green Draconian Transmuter on Oct 26, 2015.
             Was an Elder of Makhleb.
             Killed by vampiric draining
             ... invoked by Josephine
              (9 damage)
             ... on level 10 of the Dungeon on Oct 27, 2015.
             The game lasted 01:01:36 (10811 turns).

HaroldButt the Martial Artist (DrTm)               Turns: 10811, Time: 01:01:37

Health: 0/86       AC: 12    Str: 13    XL:     10   Next: 85%
Magic:  14/14      EV: 15    Int: 14    God:    Makhleb [****..]
Gold:   348        SH:  0    Dex: 14    Spells: 3 memorised, 5 levels left

rFire  . . .     SeeInvis .       - Unarmed
rCold  + . .     Clarity  +     (armour unavailable)
rNeg   . . .     SustAt   +     (no shield)
rPois  +         Gourm    .     I - +1 hat
rElec  .         Spirit   .     o - +0 cloak
rCorr  .         Warding  .     G - +1 pair of gloves
rMut   .         Stasis   .     B - +0 pair of boots
MR     .....                    u - amulet of clarity
Stlth  +.........               N - ring of protection from cold
                                j - ring of sustain attributes

@: not resistant to hostile enchantments, very unstealthy
A: breathe noxious fumes, unfitting armour, poison resistance, cold-blooded, AC
+7
a: Breathe Noxious Fumes, Minor Destruction, Lesser Servant of Makhleb, Major
Destruction, Renounce Religion


You were on level 10 of the Dungeon.
You worshipped Makhleb.
Makhleb was greatly pleased with you.
You were hungry.

You visited 2 branches of the dungeon, and saw 12 of its levels.

You collected 564 gold pieces.
You spent 216 gold pieces at shops.

Inventory:

Hand Weapons
 y - a +1 blowgun
Missiles
 a - 181 arrows
 k - 40 poisoned needles
 D - 18 arrows of frost
 K - 6 javelins (quivered)
Armour
 o - a +0 cloak (worn)
 B - a +0 pair of boots (worn)
 G - a +1 pair of gloves (worn)
 I - a +1 hat (worn)
Jewellery
 g - an uncursed amulet of resist mutation
 j - a ring of sustain attributes (left hand)
 m - an uncursed ring of ice
 u - an amulet of clarity (around neck)
 z - an uncursed amulet of rage
 N - a ring of protection from cold (right hand)
Wands
 h - a wand of draining (15)
 t - a wand of flame (17)
 J - a wand of enslavement (9)
Scrolls
 i - a scroll of immolation
 n - a scroll of recharging
 r - a scroll of enchant armour
 x - a scroll of teleportation {unknown}
 E - a scroll of enchant weapon
 F - 2 scrolls of remove curse
 T - a scroll of fear
Potions
 d - 5 potions of curing
 e - a potion of agility
 f - a potion of resistance
 l - a potion of lignification {unknown}
 v - a potion of brilliance
 A - 5 potions of flight
 H - a potion of cure mutation
 M - a potion of magic
 O - a potion of cancellation
Books
 b - a book of Changes

   Spells                             Type                      Level
   a - Beastly Appendage              Transmutation                1
   b - Sticks to Snakes               Transmutation                2
   c - Spider Form                    Transmutation/Poison         3
   d - Ice Form                       Ice/Transmutation            4
   e - Blade Hands                    Transmutation                5
 w - a Fen Folio

   Spells                             Type                      Level
   a - Corpse Rot                     Necromancy                   2
   b - Stone Arrow                    Conjuration/Earth            3
   c - Leda's Liquefaction            Hexes/Earth                  4
   d - Summon Forest                  Summoning/Translocation      5
   e - Hydra Form                     Transmutation                6
   f - Summon Hydra                   Summoning                    7
Comestibles
 c - 9 bread rations
 p - a chunk of flesh
 q - 2 meat rations
 s - 4 beef jerkies
 P - 9 royal jellies
 Q - 5 fruits


   Skills:
 + Level 7.0 Fighting
 + Level 6.1 Dodging
 + Level 11.2 Unarmed Combat
 - Level 2.0 Spellcasting
 + Level 7.6 Transmutations
 + Level 5.4 Invocations


You had 5 spell levels left.
You knew the following spells:

 Your Spells              Type           Power        Failure   Level  Hunger
a - Beastly Appendage     Trmt           ###...       1%          1    ##.....
b - Sticks to Snakes      Trmt           ###.......   1%          2    ###....
c - Blade Hands           Trmt           ###.......   30%         5    ######.


Dungeon Overview and Level Annotations

Branches:
Dungeon (11/15)            Temple (1/1) D:5            Lair (0/8) D:8
    Orc (0/4) D:9

Altars:
Ashenzari
Cheibriados
Dithmenos
Elyvilon
Fedhas
Gozag
Kikubaaqudgha
Makhleb
Nemelex Xobeh
Okawaru
Qazlal
Ru
Sif Muna
Trog
Vehumet
Xom
Yredelemnul
Zin
The Shining One

Shops:
D:6 [   D:7 [   D:8 [   D:9 =

Annotations:
D:10 Josephine


Innate Abilities, Weirdness & Mutations

You can breathe blasts of noxious fumes.
Your lurid green scales are hard (AC +7).
Your body does not fit into most forms of armour.
Your system is resistant to poisons.
You are cold-blooded and may be slowed by cold attacks.


Message History

Josephine burns!
Josephine drinks a potion.
Josephine is healed!
You punch Josephine!
Josephine is severely wounded.
Josephine burns!
Josephine is infused with unholy energy.
* * * LOW HITPOINT WARNING * * *
Josephine draws life force from you and is healed!
Drink which item? (? for menu, Esc to quit)
You feel better.
You have got your breath back.
Josephine burns!
Josephine hits you with a dagger.
* * * LOW HITPOINT WARNING * * *
Drink which item? (? for menu, Esc to quit)
You feel better.
Josephine burns!
Josephine stops burning.
Josephine hits you but does no damage. The kobold misses you.
A wraith comes into view.
You hit Josephine.
Josephine is severely wounded.
Josephine is infused with unholy energy.
You die...

#.......# #.......# .#
#....>..# #.. W.
#.......# #$# .#
#.......# #.##.#
#......÷# #.#..
#.......# #.#W#
#.....### #.#@###.#
###.##.######<.@....#
..........(...)†K#####
########.......).#
....########.# ####
#.# #.# #.. #.. ...


You could see Josephine, 2 wraiths and a kobold.

Vanquished Creatures
  Erolcha (D:8)
  Pikel (D:8)
  Psyche (D:8)
  The ghost of Kolbur the Poker, a novice MfIE (D:6)
  A troll (D:9)
  A hungry ghost (D:8)
  The ghost of emiel the Chopper, an amateur FoBe of Trog (D:4)
  Edmund (D:4)
  A soldier ant (D:8)
  A necrophage (D:6)
  A black bear (D:7)
  3 ice beasts
  A spider (D:8)
  8 ogres
  A sky beast (D:6)
  2 phantoms
  4 slaves (D:8)
  5 orc warriors
  4 centaurs
  2 big kobolds
  5 giant frogs
  3 wights (D:9)
  4 killer bees (D:9)
  2 scorpions
  5 crimson imps
  A quasit (D:5)
  A giant frog zombie (D:5)
  A centaur skeleton (D:4)
  2 hounds (D:7)
  A gnoll shaman (D:4)
  8 orc wizards
  3 orc priests
  10 worker ants
  2 giant frog skeletons
  2 iguanas
  The ghost of emiel the Chopper, a weakling FoBe of Trog (D:3)
  Robin (D:4)
  12 gnolls
  10 adders
  A shadow imp (D:5)
  2 oozes (D:3)
  2 worms
  53 orcs
  4 bats
  4 giant cockroaches
  20 goblins
  13 hobgoblins
  14 jackals
  9 quokkas
  6 ball pythons
  4 giant geckos
  9 giant newts
  21 kobolds
  9 rats
  A spectral orc (D:5)
287 creatures vanquished.

Vanquished Creatures (collateral kills)
  A soldier ant (D:8)
1 creature vanquished.

Grand Total: 288 creatures vanquished

Notes
Turn   | Place    | Note
--------------------------------------------------------------
     0 | D:1      | HaroldButt the Draconian Transmuter began the quest for the Orb.
     0 | D:1      | Reached XP level 1. HP: 16/16 MP: 3/3
   156 | D:1      | Reached XP level 2. HP: 23/23 MP: 5/5
   578 | D:2      | Found a shadowy altar of Dithmenos.
   618 | D:2      | Reached skill level 4 in Unarmed Combat
   623 | D:2      | Reached XP level 3. HP: 23/28 MP: 4/6
   849 | D:2      | Found a sacrificial altar of Ru.
  1055 | D:2      | Found a glowing golden altar of the Shining One.
  1057 | D:2      | Found a bloodstained altar of Trog.
  1271 | D:2      | Reached XP level 4. HP: 28/35 MP: 7/7
  1329 | D:2      | Reached skill level 5 in Unarmed Combat
  1610 | D:2      | Found an opulent altar of Gozag.
  1611 | D:2      | Found a sparkling altar of Nemelex Xobeh.
  1839 | D:3      | Learned a level 2 spell: Sticks to Snakes
  2436 | D:3      | Reached XP level 5. HP: 22/40 MP: 8/8
  2653 | D:3      | Noticed emiel's ghost (weakling FoBe)
  2760 | D:3      | Killed emiel's ghost
  2760 | D:3      | Reached skill level 6 in Unarmed Combat
  2979 | D:3      | Noticed an ice beast
  3009 | D:3      | Killed an ice beast
  3111 | D:3      | Reached XP level 6. HP: 43/47 MP: 9/9
  3296 | D:4      | Noticed Edmund
  3328 | D:4      | Killed Edmund
  3328 | D:4      | Reached skill level 7 in Unarmed Combat
  3555 | D:4      | Noticed a centaur
  3564 | D:4      | Killed a centaur
  3651 | D:4      | Reached skill level 8 in Unarmed Combat
  3651 | D:4      | Your scales start taking on a lurid green colour.
  3651 | D:4      | Gained mutation: Your system is resistant to poisons. [Green Draconian growth]
  3651 | D:4      | Reached XP level 7. HP: 39/52 MP: 10/10
  3724 | D:4      | Noticed Robin
  3744 | D:4      | Killed Robin
  3821 | D:4      | Noticed emiel's ghost (amateur FoBe)
  3841 | D:4      | Killed emiel's ghost
  3944 | D:4      | Reached skill level 9 in Unarmed Combat
  4122 | D:4      | Found a bloodstained altar of Trog.
  4360 | D:5      | Entered Level 5 of the Dungeon
  4723 | D:5      | Reached XP level 8. HP: 50/60 MP: 11/11
  4731 | D:5      | Upgraded the game from 0.17-a0-2208-ge5ab1d3 to 0.17-a0-2215-g49c1de0
  4826 | D:5      | Learned a level 5 spell: Blade Hands
  5065 | D:5      | Found a staircase to the Ecumenical Temple.
  5110 | Temple   | Entered the Ecumenical Temple
  5175 | Temple   | Became a worshipper of Makhleb the Destroyer
  5359 | D:5      | Found a basalt altar of Yredelemnul.
  6067 | D:6      | Noticed Kolbur's ghost (novice MfIE)
  6109 | D:5      | Reached * piety under Makhleb
  6784 | D:7      | Reached skill level 5 in Transmutations
  7053 | D:7      | Reached XP level 9. HP: 66/70 MP: 12/12
  7121 | D:7      | Reached skill level 10 in Unarmed Combat
  7197 | D:7      | Reached skill level 1 in Invocations
  7239 | D:7      | Found an iron altar of Okawaru.
  7271 | D:7      | Reached ** piety under Makhleb
  7461 | D:7      | Found Haov Umm's Antique Armour Shop.
  7466 | D:7      | Bought a pair of embroidered gloves for 99 gold pieces
  7712 | D:7      | Found a shattered altar of Ashenzari.
  7871 | D:6      | Found a glowing silver altar of Zin.
  7875 | D:6      | Found Lijo's Antique Armour Shoppe.
  7889 | D:6      | Bought a pair of boots for 117 gold pieces
  8162 | D:6      | Killed Kolbur's ghost
  8269 | D:6      | Reached skill level 5 in Fighting
  8551 | D:8      | Found a staircase to the Lair.
  8624 | D:8      | Found an opulent altar of Gozag.
  8775 | D:8      | Noticed Pikel
  8832 | D:8      | Killed Pikel
  8838 | D:8      | Reached XP level 10. HP: 80/80 MP: 13/13
  8903 | D:8      | Reached skill level 5 in Dodging
  8919 | D:8      | Found Omitosiff's Armour Boutique.
  9039 | D:8      | Reached *** piety under Makhleb
  9056 | D:8      | Noticed Erolcha
  9111 | D:8      | Killed Erolcha
  9156 | D:8      | Found a deep blue altar of Sif Muna.
  9239 | D:8      | Noticed Psyche
  9254 | D:8      | Killed Psyche
  9901 | D:9      | Reached skill level 11 in Unarmed Combat
  9927 | D:9      | Reached skill level 5 in Invocations
  9948 | D:9      | Found Egyn's Jewellery Boutique.
 10170 | D:9      | Reached **** piety under Makhleb
 10395 | D:9      | Found a staircase to the Orcish Mines.
 10496 | D:9      | Found a shimmering altar of Xom.
 10497 | D:9      | Found a shimmering altar of Xom.
 10502 | D:9      | Found a shimmering altar of Xom.
 10677 | D:9      | Found a shimmering altar of Xom.
 10680 | D:9      | Found a shimmering altar of Xom.
 10718 | D:9      | You fall through a shaft for 2 floors!
 10761 | D:10     | Entered Level 10 of the Dungeon
 10794 | D:10     | Noticed Josephine
 10808 | D:10     | HP: 2/85 [Josephine/vampiric draining (20)]
 10811 | D:10     | Killed from afar by Josephine

Vault maps used:
D:1:      lightli_molten_gateway
D:2:      grunt_temple_overflow_opulence, nicolae_overflow_hidden_temple,
          grunt_temple_overflow_open, first_bread
D:3:      corexii_shack_village
D:4:      trog_book, uniq_edmund, uniq_robin
D:5:      yredelemnul_forgotten_temple_becter, temple_pool_a
D:6:      lemuel_doored_altar, serial_shops, nicolae_shop_behind_doors
D:7:      kennysheep_little_box, cheibrodos_ashenzari_chains, serial_shops,
          nicolae_shop_stone
D:8:      lemuel_crystal_altar, lair_0_dummy, serial_shops,
          nicolae_shop_statue_plus, hangedman_pestilent_swarm,
          grunt_gozag_breadcrumbs, uniq_erolcha, uniq_pikel, uniq_psyche
D:9:      xom_redecorated, david_orc_4, serial_shops, nicolae_shop_behind_doors
D:10:     minmay_distorted_concentric_squares, spider_trap, uniq_josephine
Temple:   nicolae_temple_great_sept

Action                   |  1- 3 |  4- 6 |  7- 9 | 10-12 || total
-------------------------+-------+-------+-------+-------++-------
Melee: Unarmed           |   127 |   246 |   521 |   280 ||  1174
Throw: Stone             |     2 |     9 |     5 |       ||    16
 Cast: Beastly Appendage |     1 |     5 |     1 |       ||     7
Invok: Major Destruction |       |       |       |     1 ||     1
 Abil: Breathe Noxious F |       |       |    17 |    19 ||    36
       Evoke Berserk Rag |       |       |     1 |       ||     1
  Use: Scroll            |       |       |    15 |     4 ||    19
       Potion            |       |       |       |     2 ||     2
 Stab: Sleeping          |       |     2 |     1 |       ||     3
       Confused          |       |       |     4 |    12 ||    16
  Eat: Chunk             |     1 |     8 |    13 |    11 ||    33
       Fruit             |       |       |     9 |     1 ||    10
       Beef jerky        |       |       |     1 |       ||     1
